 Dungeon Crawl Stone Soup version 0.30-a0-6-g7c9e10e132 (webtiles) character file.

Game seed: 285985265464042511

86 Flugkiller the Trooper (level 4, 5/61 HPs)
             Began as a Minotaur Fighter on Aug 22, 2022.
             Quit the game on level 3 of the Dungeon.
             The game lasted 00:00:56 (1898 turns).

Flugkiller the Trooper (Minotaur Fighter)           Turns: 1898, Time: 00:00:57

Health: 5/61       AC: 22    Str: 20    XL:     4   Next: 26%
Magic:  3/3        EV:  2    Int: 11    God:
Gold:   102        SH:  4    Dex: 12    Spells: 3/3 levels left

rFire   . . .      SeeInvis .    m - +8 whip of Jopuloc {holy, Int+6}
rCold   . . .      Faith    .    c - +0 buckler
rNeg    . . .      Spirit   .    (body armour currently unavailable)
rPois   +          Reflect  .    (helmet currently unavailable)
rElec   .          Harm     .    (cloak currently unavailable)
rCorr   .          Rampage  .    (gloves currently unavailable)
Will    .....      NoTele   +    (boots currently unavailable)
Stlth   +.........               (no amulet)
HPRegen 0.20/turn                (no ring)
MPRegen 0.08/turn                (no ring)

@: tree-form
A: stationary, stasis, torment immunity, boosted hp, (horns 2), (retaliatory
headbutt)
a: no special abilities


You were on level 3 of the Dungeon.
You were a tree.
You visited 1 branch of the dungeon, and saw 3 of its levels.

You collected 102 gold pieces.

Inventory:

Hand Weapons
 a - a +0 war axe
 m - the +8 whip of Jopuloc (weapon) {holy, Int+6}
   (You found it on level 2 of the Dungeon)

   It has been blessed by the Shining One to cause great damage to the undead
   and demons.
   Int:       It affects your intelligence (+6).
Armour
 b - a +0 scale mail (melded)
 c - a +0 buckler (worn)
Scrolls
 g - a scroll of amnesia {unknown}
 h - a scroll of enchant weapon {unknown}
 j - a scroll of enchant armour {unknown}
 k - a scroll of identify {unknown}
 n - a scroll of noise {unknown}
 p - 3 scrolls of teleportation {unknown}
 q - a scroll of poison {unknown}
 r - a scroll of immolation {unknown}
Potions
 d - a potion of might
 e - 2 potions of lignification
 f - a potion of heal wounds {unknown}
 i - a potion of brilliance {unknown}
 l - a potion of invisibility {unknown}
 o - 3 potions of curing {unknown}


   Skills:
 + Level 4.4 Fighting
 * Level 4.2 Axes
 + Level 4.4 Armour
 - Level 3.6 Shields


You had 3 spell levels left.
You didn't know any spells.
Your spell library was empty.

Dungeon Overview and Level Annotations

Branches:
Dungeon (3/15)

Altars:

Shops:
D:1 ?


Innate Abilities, Weirdness & Mutations

You are a tree.
Your roots penetrate the ground, keeping you stationary.
You cannot be teleported.
You are immune to unholy pain and torment.
Your maximum health is greatly increased.
Your equipment is partially melded.
((You have a pair of horns on your head.))
((You reflexively headbutt those who attack you in melee.))


Message History

The adder hisses angrily.
An adder is nearby!
An adder is nearby!
An adder is nearby!
An orc comes into view. It is wielding a +0 falchion.
The orc shouts!
You barely miss the adder.
You headbutt the adder, but do no damage.
The adder bites you but does no damage.
You barely miss the adder. You headbutt the adder!
You kill the adder!
You have reached level 4!
You feel agile.
You see here an adder corpse.
The orc barely misses you.
You hit the orc. You headbutt the orc.
You kill the orc!
Things that are here:
a +0 falchion; an orc corpse No target in view!
No target in view!
r - a scroll labelled ZUOXAIF TEONIE You now have 93 gold pieces (gained 14).
You now have 102 gold pieces (gained 9).
Found a leather armour.
You see here a +0 leather armour.
A hobgoblin comes into view.
The hobgoblin shouts!
Found 12 gold pieces.
The hobgoblin hits you but does no damage.
You hit the hobgoblin.
You kill the hobgoblin!
No target in view! 2 gnolls come into view.
Found 2 stones.
Found a stone staircase leading up.
The gnoll shouts! x2
There are monsters nearby!
There are monsters nearby!
A gnoll and a hobgoblin come into view.
The hobgoblin shouts!
A gnoll comes into view. It is wielding a +0 spear.
Found a scroll labelled XOGUDUTEIWK.
An orc wizard comes into view. It is wielding a +0 dagger.
The gnoll barely misses you.
An orc priest comes into view. It is wielding a +0 flail.
The orc wizard moves out of view.
The orc priest shouts!
You hit the gnoll.
The gnoll is moderately wounded.
The gnoll hits you with a +0 club.
The gnoll hits you from afar with a +0 spear.
You barely miss the gnoll. You headbutt the gnoll.
The gnoll is moderately wounded.
An endoplasm comes into view.
The gnoll hits you from afar with a +0 spear.
The gnoll closely misses you.
The gnoll hits you from afar with a +0 spear.
The gnoll barely misses you.
The endoplasm quivers.
You whack the gnoll! You headbutt the gnoll.
You kill the gnoll!
You block the gnoll's attack. The gnoll barely misses you.
The gnoll hits you from afar with a +0 spear.
Found a book of Changes.
The gnoll hits you but does no damage. The gnoll hits you with a +0 spear.
The gnoll hits you but does no damage.
You miss the orc wizard. You headbutt the orc wizard.
The orc wizard is moderately wounded.
The gnoll hits you with a +0 spear. You block the gnoll's attack.
The gnoll hits you but does no damage.
An orc comes into view. It is wielding a +0 dagger.
The orc shouts!
You hit the orc wizard.
The orc wizard is heavily wounded.
The orc wizard hits you with a +0 dagger.
The gnoll barely misses you. The gnoll closely misses you.
You block the gnoll's attack.
Unknown command.
The orc wizard closely misses you. The gnoll hits you but does no damage.
The gnoll barely misses you. You block the gnoll's attack.
The orc wizard attacks as you move away!
The orc wizard completely misses you.
The gnoll hits you from afar with a +0 spear!
The gnoll barely misses you. You furiously retaliate!
You headbutt the gnoll!
The orc priest mumbles some strange prayers to Beogh against you.
Beogh smites you!
* * * LOW HITPOINT WARNING * * *
The orc wizard attacks as you move away!
The orc wizard hits you but does no damage.
The orc wizard gestures wildly while chanting.
The orc wizard flickers and vanishes!
Deactivating autopickup; reactivate with Ctrl-A.
The gnoll hits you from afar with a +0 spear.
* * * LOW HITPOINT WARNING * * *
The orc priest looks braver for a moment.
Found an escape hatch in the ceiling.
It was a potion of lignification.
You turn into a tree.
Your +0 scale mail melds into your body.
Your roots penetrate the ground.
You block the gnoll's attack.
Are you sure you want to abandon this character and quit the game? (Confirm with "yes".)

#.##[### #..####
##......## #..# ##
#.###....###### #..#
.. #. #..........
#..#
.###.#.###....######
#..####
:......)...g........
#..#...
##...#ogg.g........
#..#...
..?.....$###.#####..
#...... #.......g#
#♣# ..##......
##..(..#.# #.#
......... ##...##.#
#.# #....... ##<#
... #.# #####..[ #.
### #.# ##.# .. #.#
#.#######.# #<#
#.....)...# ...
..>.#####.# # #..


You could see 2 gnolls.

Vanquished Creatures
  A gnoll (D:3)
  3 adders
  A dart slug (D:3)
  An orc (D:3)
  3 ball pythons
  2 bats
  8 endoplasms
  A giant cockroach (D:2)
  3 goblins
  2 hobgoblins
  5 kobolds
  2 quokkas (D:1)
  5 frilled lizards
  9 rats
46 creatures vanquished.

Notes
Turn   | Place    | Note
-------+----------+-------------------------------------------
     0 | D:1      | Flugkiller the Minotaur Fighter began the quest for the
                  | Orb.
     0 | D:1      | Reached XP level 1. HP: 19/19 MP: 0/0
   233 | D:1      | Reached XP level 2. HP: 26/27 MP: 1/1
   543 | D:1      | Found Mowahyu's Magic Scroll Shop.
  1152 | D:2      | Identified the +8 whip of Jopuloc {holy, Int+6}
  1254 | D:2      | Reached XP level 3. HP: 33/33 MP: 2/2
  1453 | D:2      | Found a faded altar of an unknown god.
  1768 | D:3      | Reached XP level 4. HP: 41/41 MP: 3/3
  1898 | D:3      | Quit the game

Illustrated notes

Levels and vault maps discovered:
D:1:      tarquinn_simple_flora_water_e, layout_loops_ring, serial_shops, shop
D:2:      layout_rooms, shapermc_ecumenical_altar_ellora,
          wad_floor_pattern_untrapped
D:3:      layout_loops_ring, gammafunk_ghost_icy, grunt_ministairs_1

Skill      XL: |  1  2  3 |
---------------+----------+-----
Axes           | 3 4 |  4.2
Armour         | 4 |  4.4
Fighting       | 4 |  4.4
Shields        | |  3.6

Action                   |  1- 3 |  4- 6 || total
-------------------------+-------+-------++-------
Melee: War axe           |    79 |       ||    79
       Headbutt          |     7 |     4 ||    11
       Whip              |    29 |     7 ||    36
  Use: Potion            |       |     1 ||     1
Armor: Scale mail        |    45 |     6 ||    51
Dodge: Dodged            |    46 |    11 ||    57
Block: Buckler           |    20 |     5 ||    25

Table legend: (Time is in decaauts)
 A = Elapsed time spent in this place.
 B = Non-inter-level travel time spent in this place.
 C = Inter-level travel time spent in this place.
 D = Time resting spent in this place.
 E = Time spent auto-exploring this place.
 F = Levels seen in this place.
 G = Mean time per level.
                   A        B        C        D        E       F      G
               +--------+--------+--------+--------+--------+-----+--------+
         Total |   1929 |   1922 |      7 |      0 |   1620 |   3 |  643.0 |
       Dungeon |   1929 |   1922 |      7 |      0 |   1620 |   3 |  643.0 |
               +--------+--------+--------+--------+--------+-----+--------+

Top non-repeatable levels by time:
     D:1: 1089 daAuts
     D:2: 582 daAuts
     D:3: 258 daAuts
